General information
- name: BNet
- type: Ladder team game (AT/RT)
- host: Battle.net
- saver: i_backStab
map: FullScaleAssault
- players: 8
- length: 38:07
- speed: Fast
- version: 1.24 W3XP
- replay type: Public
» download(265 KB)
Players
team 1 (winner)
plz-stfu (
green | 72 APM | 2740 actions | 38:07)
7 Death Knight
3 Death Coil
3 Unholy Aura
1 Animate Dead
7 Crypt Lord
3 Impale
3 Spiked Carapace
1 Locust Swarm
5 Lich
3 Frost Armor
1 Frost Nova
1 Death and Decay
» actions
| Assign group hotkey | 48 | |
| Basic commands | 504 | |
| Build / train | 106 | |
| ESC pressed | 6 | |
| Enter build submenu | 28 | |
| Enter hero's abilities submenu | 20 | |
| Give item / drop item | 2 | |
| Right click | 767 | |
| Select / deselect | 424 | |
| Select group hotkey | 724 | |
| Use ability | 111 | |
2740 total
» units
| Acolyte | 24 | |
| Ghoul | 5 | |
| Crypt Fiend | 10 | |
| Obsidian Statue | 4 | |
| Frost Wyrm | 8 | |
51 total
» upgrades
| Creature Attack | 2 | |
| Creature Carapace | 2 | |
| Web | 1 | |
| Burrow | 1 | |
| Freezing Breath | 1 | |
| Destroyer Form | 1 | |
8 total
» buildings
| Altar of Darkness | 1 | |
| Ziggurat | 13 | |
| Crypt | 1 | |
| Graveyard | 1 | |
| Tomb of Relics | 1 | |
| Nerubian Tower | 2 | |
| Necropolis | 2 | |
| Spirit Tower | 3 | |
| Halls of the Dead | 1 | |
| Black Citadel | 1 | |
| Sacrificial Pit | 1 | |
| Slaughterhouse | 1 | |
| Boneyard | 2 | |
30 total
» build order
00:22 Altar of Darkness
00:26 Ziggurat
00:52 Crypt
01:07 Graveyard
01:27 Tomb of Relics
01:39 Ziggurat
01:43 Nerubian Tower
04:35 Ziggurat
04:39 Necropolis
05:34 Spirit Tower
05:42 Halls of the Dead
07:18 Ziggurat
08:19 Spirit Tower
08:51 Black Citadel
09:10 Ziggurat
09:12 Sacrificial Pit
09:14 Ziggurat
09:26 Slaughterhouse
09:29 Ziggurat
09:32 Ziggurat
10:01 Spirit Tower
10:18 Nerubian Tower
11:19 Boneyard
11:20 Boneyard
14:30 Ziggurat
14:33 Ziggurat
14:53 Ziggurat
14:55 Ziggurat
14:57 Ziggurat
32:07 Necropolis
» items
| Rod of Necromancy | 1 | |
| Sacrificial Skull | 1 | |
| Scroll of Town Portal | 5 | |
7 total
3ternal.D34TH (
yellow | 35 APM | 1353 actions | 38:07)
6 Death Knight
2 Death Coil
3 Unholy Aura
1 Animate Dead
5 Lich
3 Frost Nova
2 Frost Armor
» actions
| Basic commands | 4 | |
| Build / train | 86 | |
| Enter build submenu | 30 | |
| Enter hero's abilities submenu | 11 | |
| Right click | 608 | |
| Select / deselect | 517 | |
| Use ability | 97 | |
1353 total
» units
| Acolyte | 7 | |
| Ghoul | 4 | |
| Crypt Fiend | 28 | |
| Obsidian Statue | 7 | |
| Goblin Zeppelin | 1 | |
| Abomination | 1 | |
48 total
» upgrades
| Creature Carapace | 2 | |
| Web | 1 | |
| Creature Attack | 3 | |
6 total
» buildings
| Altar of Darkness | 1 | |
| Crypt | 2 | |
| Ziggurat | 19 | |
| Tomb of Relics | 1 | |
| Graveyard | 1 | |
| Halls of the Dead | 1 | |
| Slaughterhouse | 2 | |
| Nerubian Tower | 11 | |
| Spirit Tower | 2 | |
| Black Citadel | 1 | |
41 total
» build order
00:05 Altar of Darkness
00:07 Crypt
00:13 Ziggurat
00:59 Tomb of Relics
01:52 Graveyard
02:43 Ziggurat
03:25 Ziggurat
03:30 Halls of the Dead
07:14 Ziggurat
07:30 Ziggurat
09:48 Crypt
09:51 Slaughterhouse
09:54 Slaughterhouse
10:03 Ziggurat
10:04 Ziggurat
10:06 Ziggurat
10:08 Ziggurat
10:56 Nerubian Tower
12:06 Spirit Tower
14:56 Ziggurat
15:08 Black Citadel
16:54 Nerubian Tower
16:56 Nerubian Tower
16:58 Nerubian Tower
17:21 Nerubian Tower
17:25 Ziggurat
23:30 Ziggurat
23:32 Ziggurat
23:43 Ziggurat
23:46 Ziggurat
23:49 Ziggurat
23:53 Ziggurat
23:55 Nerubian Tower
26:28 Nerubian Tower
26:30 Nerubian Tower
26:32 Nerubian Tower
26:33 Nerubian Tower
26:35 Nerubian Tower
33:33 Ziggurat
35:34 Spirit Tower
36:06 Ziggurat
» items
| Rod of Necromancy | 1 | |
| Scroll of Town Portal | 2 | |
3 total

»
nick1677 (
blue | 28 APM | 1059 actions | 38:07)
4 Archmage
2 Blizzard
2 Summon Water Elemental
3 Blood Mage
2 Flame Strike
1 Siphon Mana
» actions
| Basic commands | 20 | |
| Build / train | 104 | |
| ESC pressed | 2 | |
| Enter build submenu | 45 | |
| Enter hero's abilities submenu | 7 | |
| Right click | 318 | |
| Select / deselect | 503 | |
| Use ability | 60 | |
1059 total
» units
| Peasant | 13 | |
| Footman | 8 | |
| Knight | 17 | |
| Mortar Team | 15 | |
| Siege Engine | 9 | |
62 total
» upgrades
| Barrage | 1 | |
| Gunpowder | 2 | |
| Fragmentation Shards | 1 | |
| Swords | 2 | |
| Plating | 2 | |
8 total
» buildings
| Farm | 17 | |
| Barracks | 2 | |
| Altar of Kings | 1 | |
| Lumber Mill | 1 | |
| Keep | 1 | |
| Scout Tower | 15 | |
| Arcane Vault | 1 | |
| Guard Tower | 12 | |
| Arcane Tower | 2 | |
| Blacksmith | 1 | |
| Castle | 1 | |
| Town Hall | 2 | |
| Workshop | 2 | |
58 total
» build order
00:25 Farm
00:40 Barracks
00:55 Altar of Kings
01:08 Farm
01:18 Lumber Mill
02:37 Farm
03:22 Farm
03:28 Keep
03:41 Scout Tower
03:46 Scout Tower
04:11 Arcane Vault
04:15 Guard Tower
04:17 Arcane Tower
04:26 Blacksmith
05:50 Scout Tower
05:58 Castle
06:12 Scout Tower
06:30 Guard Tower
06:34 Scout Tower
06:50 Arcane Tower
06:53 Scout Tower
07:07 Guard Tower
07:31 Guard Tower
08:03 Town Hall
08:20 Workshop
08:26 Workshop
10:31 Farm
11:19 Farm
11:56 Farm
12:37 Farm
13:26 Farm
14:28 Scout Tower
14:32 Scout Tower
14:35 Scout Tower
14:43 Farm
15:13 Scout Tower
15:16 Scout Tower
15:19 Guard Tower
15:46 Guard Tower
15:49 Guard Tower
15:55 Scout Tower
15:57 Guard Tower
16:34 Guard Tower
16:52 Scout Tower
17:23 Guard Tower
17:32 Farm
18:17 Farm
18:55 Farm
24:54 Barracks
26:11 Farm
26:57 Farm
28:01 Scout Tower
28:14 Scout Tower
28:28 Farm
28:35 Guard Tower
28:36 Guard Tower
29:12 Farm
30:21 Town Hall
» items
| Scroll of Regeneration | 5 | |
| Scroll of Town Portal | 4 | |
9 total
i_backStab (
orange | 65 APM | 2492 actions | 38:07)
5 Death Knight
3 Death Coil
2 Unholy Aura
5 Dreadlord
3 Sleep
2 Vampiric Aura
5 Dark Ranger
3 Silence
2 Black Arrow
» actions
| Assign group hotkey | 49 | |
| Basic commands | 186 | |
| Build / train | 116 | |
| ESC pressed | 1 | |
| Enter build submenu | 29 | |
| Enter hero's abilities submenu | 15 | |
| Give item / drop item | 5 | |
| Remove unit from queue | 1 | |
| Right click | 718 | |
| Select / deselect | 666 | |
| Select group hotkey | 539 | |
| Use ability | 167 | |
2492 total
» units
| Acolyte | 8 | |
| Ghoul | 3 | |
| Crypt Fiend | 18 | |
| Goblin Zeppelin | 4 | |
| Necromancer | 28 | |
61 total
» upgrades
| Creature Carapace | 2 | |
| Burrow | 1 | |
| Web | 1 | |
| Necromancer Training | 2 | |
| Cannibalize | 0 | |
| Creature Attack | 2 | |
8 total
» buildings
| Crypt | 1 | |
| Graveyard | 1 | |
| Altar of Darkness | 1 | |
| Ziggurat | 11 | |
| Tomb of Relics | 1 | |
| Nerubian Tower | 7 | |
| Halls of the Dead | 3 | |
| Spirit Tower | 4 | |
| Temple of the Damned | 2 | |
| Black Citadel | 2 | |
| Necropolis | 1 | |
34 total
» build order
00:19 Crypt
00:25 Graveyard
00:57 Altar of Darkness
00:59 Ziggurat
01:01 Ziggurat
01:21 Ziggurat
01:45 Tomb of Relics
02:22 Nerubian Tower
02:23 Nerubian Tower
02:31 Nerubian Tower
03:46 Halls of the Dead
04:04 Ziggurat
05:33 Spirit Tower
06:27 Temple of the Damned
08:14 Black Citadel
10:16 Ziggurat
11:07 Ziggurat
11:08 Ziggurat
11:12 Ziggurat
12:01 Nerubian Tower
12:02 Nerubian Tower
12:17 Spirit Tower
13:06 Spirit Tower
13:19 Temple of the Damned
15:58 Ziggurat
16:02 Ziggurat
16:53 Necropolis
17:03 Nerubian Tower
17:27 Ziggurat
18:23 Nerubian Tower
18:24 Spirit Tower
20:18 Halls of the Dead
20:51 Halls of the Dead
28:33 Black Citadel
» items
| Rod of Necromancy | 1 | |
| Dust of Appearance | 3 | |
| Potion of Healing | 5 | |
| Scroll of Town Portal | 3 | |
12 total
team 2 (loser)

»
MightyMorgoth (
purple | 67 APM | 2535 actions | 38:06)
8 Blademaster
3 Wind Walk
3 Critical Strike
1 Bladestorm
1 Mirror Image
» actions
| Assign group hotkey | 13 | |
| Basic commands | 42 | |
| Build / train | 82 | |
| Enter build submenu | 43 | |
| Enter hero's abilities submenu | 9 | |
| Give item / drop item | 1 | |
| Right click | 1400 | |
| Select / deselect | 477 | |
| Select group hotkey | 320 | |
| Use ability | 146 | |
2535 total
» units
| Peon | 20 | |
| Troll Batrider | 8 | |
| Wind Rider | 16 | |
44 total
» upgrades
| Ranged Weapons | 2 | |
| Armor | 3 | |
| Liquid Fire | 1 | |
| Shaman Training | 2 | |
| Spiked Barricades | 1 | |
| Envenomed Spears | 1 | |
10 total
» buildings
| Altar of Storms | 3 | |
| Orc Burrow | 16 | |
| War Mill | 2 | |
| Voodoo Lounge | 1 | |
| Barracks | 1 | |
| Stronghold | 3 | |
| Beastiary | 7 | |
| Fortress | 3 | |
| Spirit Lodge | 1 | |
| Great Hall | 2 | |
| Watch Tower | 7 | |
46 total
» build order
00:06 Altar of Storms
00:07 Orc Burrow
00:09 Altar of Storms
00:57 Orc Burrow
01:25 War Mill
01:53 Voodoo Lounge
02:05 Barracks
02:17 Orc Burrow
02:57 Stronghold
04:15 Orc Burrow
04:19 Orc Burrow
05:23 Beastiary
05:25 Beastiary
05:28 Beastiary
05:34 Beastiary
06:39 Orc Burrow
07:55 Orc Burrow
12:01 Fortress
12:17 Spirit Lodge
12:50 Orc Burrow
14:34 Orc Burrow
17:37 War Mill
18:23 Great Hall
21:03 Great Hall
21:33 Orc Burrow
22:29 Orc Burrow
24:31 Stronghold
24:32 Stronghold
26:02 Orc Burrow
26:55 Beastiary
26:59 Beastiary
27:03 Beastiary
27:27 Orc Burrow
27:29 Orc Burrow
27:35 Orc Burrow
29:10 Altar of Storms
31:37 Fortress
31:38 Fortress
31:40 Orc Burrow
32:59 Watch Tower
33:01 Watch Tower
33:01 Watch Tower
33:02 Watch Tower
33:50 Watch Tower
33:52 Watch Tower
33:53 Watch Tower
» items
| Healing Salve | 1 | |
| Lesser Clarity Potion | 1 | |
| Scroll of Speed | 1 | |
| Periapt of Vitality | 1 | |
| Scroll of Healing | 1 | |
| Orb of Fire | 2 | |
| Potion of Healing | 3 | |
| Potion of Mana | 1 | |
11 total
PlingBlinga (
red | 50 APM | 1835 actions | 36:44)
8 Paladin
3 Holy Light
1 Devotion Aura
3 Divine Shield
1 Resurrection
5 Archmage
1 Summon Water Elemental
3 Brilliance Aura
1 Blizzard
» actions
| Assign group hotkey | 31 | |
| Basic commands | 178 | |
| Build / train | 106 | |
| Enter build submenu | 32 | |
| Enter hero's abilities submenu | 13 | |
| Give item / drop item | 4 | |
| Right click | 293 | |
| Select / deselect | 546 | |
| Select group hotkey | 506 | |
| Use ability | 126 | |
1835 total
» units
| Peasant | 17 | |
| Footman | 7 | |
| Spell Breaker | 11 | |
| Goblin Zeppelin | 2 | |
| Siege Engine | 11 | |
| Knight | 15 | |
63 total
» upgrades
| Defend | 1 | |
| Lumber Harvesting | 2 | |
| Plating | 3 | |
| Animal War Training | 1 | |
| Control Magic | 1 | |
| Magic Sentry | 1 | |
| Barrage | 1 | |
| Swords | 3 | |
| Masonry | 2 | |
| Gunpowder | 2 | |
17 total
» buildings
| Barracks | 2 | |
| Farm | 13 | |
| Altar of Kings | 1 | |
| Scout Tower | 6 | |
| Arcane Tower | 1 | |
| Keep | 1 | |
| Blacksmith | 1 | |
| Lumber Mill | 1 | |
| Arcane Vault | 1 | |
| Arcane Sanctum | 1 | |
| Town Hall | 3 | |
| Castle | 1 | |
| Workshop | 2 | |
| Guard Tower | 1 | |
35 total
» build order
00:14 Barracks
00:21 Farm
00:40 Altar of Kings
00:58 Farm
01:34 Farm
01:50 Scout Tower
02:12 Farm
02:26 Arcane Tower
02:55 Farm
03:36 Farm
04:14 Keep
04:23 Farm
05:11 Blacksmith
05:18 Lumber Mill
05:38 Arcane Vault
06:58 Arcane Sanctum
07:27 Town Hall
08:01 Castle
08:25 Farm
09:05 Farm
10:00 Farm
10:53 Workshop
12:03 Workshop
13:21 Barracks
15:41 Town Hall
17:11 Farm
17:58 Farm
19:37 Farm
27:48 Town Hall
31:24 Scout Tower
33:56 Scout Tower
33:57 Scout Tower
34:55 Guard Tower
34:58 Scout Tower
35:01 Scout Tower
» items
| Orb of Lightning | 2 | |
| Potion of Healing | 2 | |
| Scroll of Town Portal | 2 | |
| Healing Salve | 1 | |
7 total
Quebec_Gold (
teal | 31 APM | 1107 actions | 35:10)
8 Blademaster
3 Wind Walk
3 Critical Strike
1 Bladestorm
1 Mirror Image
» actions
| Build / train | 80 | |
| Enter build submenu | 22 | |
| Enter hero's abilities submenu | 8 | |
| Remove unit from queue | 4 | |
| Right click | 530 | |
| Select / deselect | 402 | |
| Use ability | 60 | |
1107 total
» units
| Peon | 19 | |
| Tauren | 14 | |
| Spirit Walker | 2 | |
| Shaman | 9 | |
| Troll Witch Doctor | 2 | |
46 total
» upgrades
| Melee Weapons | 3 | |
| Armor | 3 | |
| Shaman Training | 2 | |
| Spirit Walker Training | 2 | |
| Witch Doctor Training | 2 | |
| Pulverize | 1 | |
| Reinforced Defenses | 1 | |
| Spiked Barricades | 1 | |
15 total
» buildings
| Orc Burrow | 10 | |
| War Mill | 1 | |
| Altar of Storms | 1 | |
| Voodoo Lounge | 1 | |
| Stronghold | 1 | |
| Great Hall | 3 | |
| Fortress | 1 | |
| Spirit Lodge | 2 | |
| Tauren Totem | 2 | |
22 total
» build order
00:23 Orc Burrow
00:39 War Mill
00:53 Altar of Storms
01:16 Orc Burrow
02:14 Orc Burrow
02:35 Voodoo Lounge
02:38 Stronghold
03:10 Orc Burrow
04:09 Great Hall
04:13 Great Hall
04:23 Orc Burrow
04:59 Fortress
05:07 Spirit Lodge
05:40 Spirit Lodge
05:56 Orc Burrow
06:55 Orc Burrow
07:44 Tauren Totem
07:49 Tauren Totem
12:36 Orc Burrow
25:35 Orc Burrow
26:49 Orc Burrow
33:48 Great Hall
» items
| Orb of Lightning | 1 | |
| Potion of Mana | 1 | |
| Potion of Healing | 1 | |
| Scroll of Town Portal | 1 | |
4 total

»
AnalRanger (
pink | 30 APM | 1107 actions | 37:19)
6 Far Seer
3 Feral Spirit
3 Chain Lighting
» actions
| Build / train | 85 | |
| Enter build submenu | 17 | |
| Enter hero's abilities submenu | 6 | |
| Give item / drop item | 3 | |
| Right click | 521 | |
| Select / deselect | 364 | |
| Use ability | 111 | |
1107 total
» units
| Peon | 9 | |
| Grunt | 5 | |
| Kodo Beast | 14 | |
| Shaman | 6 | |
| Troll Witch Doctor | 4 | |
| Troll Batrider | 9 | |
| Spirit Walker | 2 | |
| Blue Dragon | 1 | |
50 total
» upgrades
| Shaman Training | 2 | |
| Reinforced Defenses | 1 | |
| War Drums Damage Increase | 1 | |
| Spiked Barricades | 2 | |
| Witch Doctor Training | 2 | |
| Spirit Walker Training | 2 | |
10 total
» buildings
| Orc Burrow | 7 | |
| Altar of Storms | 1 | |
| Barracks | 1 | |
| War Mill | 1 | |
| Voodoo Lounge | 1 | |
| Stronghold | 1 | |
| Fortress | 1 | |
| Spirit Lodge | 1 | |
| Beastiary | 1 | |
| Watch Tower | 1 | |
| Great Hall | 3 | |
19 total
» build order
00:37 Orc Burrow
00:52 Altar of Storms
01:27 Barracks
01:56 War Mill
02:02 Orc Burrow
02:32 Voodoo Lounge
02:58 Orc Burrow
03:26 Stronghold
04:04 Orc Burrow
05:16 Orc Burrow
05:48 Fortress
05:57 Spirit Lodge
06:02 Beastiary
09:20 Orc Burrow
12:49 Orc Burrow
14:04 Watch Tower
17:33 Great Hall
20:58 Great Hall
26:47 Great Hall
» items
| Circlet of Nobility | 1 | |
| Healing Salve | 1 | |
| Lesser Clarity Potion | 6 | |
| Orb of Lightning | 1 | |
| Potion of Mana | 5 | |
| Scroll of Town Portal | 1 | |
| Potion of Healing | 1 | |
16 total
Chat log
(00:30 / Allies) 3ternal.D34TH: fiends
(00:33 / Allies) 3ternal.D34TH: statues
(00:35 / Allies) 3ternal.D34TH: mass
(00:35 / Allies) 3ternal.D34TH: ha
(00:36 / Allies) plz-stfu: fiends wyrms
(01:53 / Allies) plz-stfu: units others?
(02:05 / Allies) i_backStab: necro
(02:24 / Allies) plz-stfu: blue?
(02:29 / Allies) nick1677: what
(02:33 / Allies) plz-stfu: units
(02:41 / Allies) nick1677: tanks
(02:52 / Allies) nick1677: get strong air
(05:30 / Allies) plz-stfu: expo yelow
(05:33 / Allies) 3ternal.D34TH: yes
(05:35 / Allies) 3ternal.D34TH: i will
(05:38 / Allies) plz-stfu: k
(06:33 / Allies) 3ternal.D34TH: comin
(07:50 / Allies) 3ternal.D34TH: tp
(07:52 / Allies) 3ternal.D34TH: to it
(08:25 / All) AnalRanger: kep comin
(09:28 / Allies) nick1677: get dust
(09:32 / Allies) i_backStab: used it too late
(09:34 / Allies) 3ternal.D34TH: i kno
(13:36 / Allies) i_backStab: purps planning on expanding
(13:37 / Allies) nick1677: lumber please
(14:13 / Allies) nick1677: tp
(14:20 / Allies) plz-stfu: no
(15:13 / Allies) i_backStab: move plz blue
(15:18 / Allies) 3ternal.D34TH: ima get gargs
(15:34 / Allies) 3ternal.D34TH: lets rape them
(15:37 / Allies) i_backStab: move your units
(17:29 / Allies) plz-stfu: we need to hit
(17:34 / Allies) 3ternal.D34TH: yes
(17:36 / Allies) nick1677: ok come
(17:47 / Allies) i_backStab: we're all at bot so
(17:48 / Allies) i_backStab: go ahead
(17:49 / Allies) i_backStab: do your siege
(17:52 / Allies) i_backStab: we do ours
(17:57 / Allies) 3ternal.D34TH: k
(18:00 / Allies) nick1677: ok go first
(18:02 / Allies) i_backStab: tp back if you're in trouble or they get to our bases in a big army
(18:24 / Allies) 3ternal.D34TH: i needa buy a tp
(18:30 / Allies) i_backStab: there'sa shop her
(18:34 / Allies) 3ternal.D34TH: i kno
(18:39 / Allies) i_backStab: k
(18:41 / Allies) 3ternal.D34TH: wait one sec
(18:48 / Allies) i_backStab: engage
(19:59 / Allies) i_backStab: was dead, had to og
(20:10 / Allies) plz-stfu: we ok
(20:12 / Allies) 3ternal.D34TH: build up
(20:18 / All) plz-stfu: got any town left purp?
(20:23 / All) MightyMorgoth: nope
(20:27 / All) plz-stfu: hahah
(20:45 / Allies) plz-stfu: tp blue
(21:01 / Allies) 3ternal.D34TH: dont buy my tps
(21:03 / Allies) 3ternal.D34TH: make your own
(21:04 / Allies) 3ternal.D34TH: shit
(21:06 / Allies) 3ternal.D34TH: wait
(21:10 / Allies) 3ternal.D34TH: i gotta get tp
(21:10 / Allies) i_backStab: he blew my base up remember
(21:13 / Allies) i_backStab: so i can't
(21:16 / Allies) nick1677: wtf
(21:19 / Allies) nick1677: ehehe
(21:22 / Allies) 3ternal.D34TH: oh
(21:26 / Allies) 3ternal.D34TH: its cool
(22:18 / Allies) 3ternal.D34TH: ciomin
(22:28 / Allies) 3ternal.D34TH: rape them
(22:33 / Allies) 3ternal.D34TH: bluey
(22:34 / Allies) 3ternal.D34TH: come
(22:37 / Allies) 3ternal.D34TH: lil mama
(22:53 / Allies) i_backStab: note that
(23:00 / Allies) 3ternal.D34TH: attack
(23:04 / Allies) 3ternal.D34TH: rush them blue
(23:08 / Allies) 3ternal.D34TH: and sneak attack
(23:17 / Allies) 3ternal.D34TH: we need to attack
(23:18 / Allies) i_backStab: repair ur buildings blue
(23:26 / Allies) i_backStab: im tping
(23:27 / Allies) i_backStab: tob lue
(23:29 / Allies) i_backStab: you should too
(23:29 / All) plz-stfu: no expo pink?
(24:15 / Allies) i_backStab: why didn't you guys tp
(24:22 / Allies) i_backStab: not necessary now actually
(24:23 / Allies) i_backStab: keep going
(24:31 / Allies) i_backStab: nvm we need help over at blue
(24:37 / Allies) i_backStab: nvm red left we good
(26:48 / Allies) 3ternal.D34TH: we need units :D
(27:01 / Allies) 3ternal.D34TH: i had it till that fag revived
(28:03 / Allies) plz-stfu: y just standing there
(28:21 / Allies) 3ternal.D34TH: use yo money
(28:28 / Allies) 3ternal.D34TH: you need more upgrades
(28:55 / Allies) 3ternal.D34TH: ty
(29:12 / Allies) plz-stfu: come
(29:18 / Allies) 3ternal.D34TH: blue
(29:21 / Allies) 3ternal.D34TH: go get it
(29:40 / All) 3ternal.D34TH: ha bye pink
(30:09 / All) MightyMorgoth: hahhaaha
(30:13 / All) i_backStab: wow that was gay
(30:31 / Allies) plz-stfu: wef yellow
(30:58 / Allies) 3ternal.D34TH: wait
(31:01 / Allies) nick1677: move yellow
(31:14 / Allies) nick1677: they come
(31:25 / Allies) nick1677: here
(31:34 / Allies) plz-stfu: u god dam nooooib[
(31:35 / Allies) 3ternal.D34TH: wait
(31:37 / Allies) plz-stfu: \do someiltbnh
(31:43 / Allies) plz-stfu: worthells fuck
(32:30 / Allies) plz-stfu: so fucken worthless yellow
(33:39 / All) MightyMorgoth: fuck off
(33:42 / All) MightyMorgoth: bull fucking shit
(34:35 / All) PlingBlinga: gg
(35:11 / Allies) 3ternal.D34TH: lmao red
(35:13 / All) 3ternal.D34TH: ggg
(35:17 / All) 3ternal.D34TH: lmfao red
(36:17 / Allies) plz-stfu: yellow was so fcken noooob
(36:29 / All) 3ternal.D34TH: shut up ha
(36:33 / All) 3ternal.D34TH: im not even playing